 Dungeon Crawl Stone Soup version 0.24-a0-582-g4d4af813a0 (webtiles) character file.

Game seed: 12736449160589398382

189 Mame the Chopper (level 5, -3/46 HPs)
             Began as a Hill Orc Fighter on Aug 26, 2019.
             Slain by Crazy Yiuf
             ... wielding a +3 quarterstaff of chaos
              (12 damage)
             ... on level 2 of the Dungeon.
             The game lasted 00:04:08 (1930 turns).

Mame the Chopper (Hill Orc Fighter)                 Turns: 1930, Time: 00:04:08

Health: -3/46      AC:  7    Str: 20    XL:     5   Next: 68%
Magic:  3/5        EV:  9    Int:  8    God:
Gold:   76         SH:  0    Dex: 10    Spells: 4/4 levels left

rFire    . . .     SeeInvis .   a - +0 war axe
rCold    . . .     Gourm    .   (no shield)
rNeg     . . .     Faith    .   b - +0 scale mail
rPois    .         Spirit   .   (no helmet)
rElec    .         Reflect  .   (no cloak)
rCorr    .         Harm     .   (no gloves)
MR       .....                  n - +0 pair of boots
Stlth    ..........             (no amulet)
HPRegen  0.15/turn              (no ring)
MPRegen  0.09/turn              (no ring)

@: lightly drained
A: no striking features
a: no special abilities


You were on level 2 of the Dungeon.
You were not hungry.

You visited 1 branch of the dungeon, and saw 2 of its levels.

You collected 76 gold pieces.

Inventory:

Hand Weapons
 a - a +0 war axe (weapon)
Armour
 b - a +0 scale mail (worn)
 c - a +0 shield
 n - a +0 pair of boots (worn)
Jewellery
 r - an uncursed amulet of the gourmand {unknown}
Scrolls
 g - a scroll of enchant armour {unknown}
 i - a scroll of enchant weapon {unknown}
 l - a scroll of identify {unknown}
 m - a scroll of fog {unknown}
 p - a scroll of fear {unknown}
Potions
 e - 2 potions of berserk rage {unknown}
 h - 2 potions of mutation {unknown}
 k - 2 potions of invisibility {unknown}
 o - a potion of haste {unknown}
 q - 2 potions of heal wounds {unknown}
Comestibles
 f - 2 rations


   Skills:
 - Level 3.8(3.5) Fighting
 * Level 7.3(7.0) Axes
 - Level 3.4(3.1) Armour
 - Level 3.3(3.1) Shields


You had 4 spell levels left.
You didn't know any spells.
Your spell library was empty.

Dungeon Overview and Level Annotations

Branches:
Dungeon (2/15)

Altars:
Nemelex Xobeh

Annotations:
D:2 Crazy Yiuf


Message History

Crazy Yiuf hits you with a +3 quarterstaff of chaos.
* * * LOW HITPOINT WARNING * * *
Crazy Yiuf burns you.
* * * LOW HITPOINT WARNING * * *
You hit Crazy Yiuf but do no damage.
Crazy Yiuf is almost dead.
Crazy Yiuf completely misses you.
You closely miss Crazy Yiuf.
Crazy Yiuf is almost dead.
Crazy Yiuf closely misses you.
You hit Crazy Yiuf.
Crazy Yiuf is almost dead.
Crazy Yiuf barely misses you.
Your scale mail prevents you from hitting Crazy Yiuf.
Crazy Yiuf is almost dead.
Crazy Yiuf misses you.
You hit Crazy Yiuf but do no damage.
Crazy Yiuf is almost dead.
Crazy Yiuf hits you with a +3 quarterstaff of chaos!
You die...

##.## #...
######.(### ##.##
#.........######..#
########..........##
###.......... #####
####....... #..)#
###....... #...#
#...###... #..@#
##.#...#... ##g##
#..#...#..( ##.#
#.##...#... #.##
#.##....... ##.#
#.##....... #.##
#.##....... ##.##
##.##....... #...##
##..#.....### #....#
#..#⌠.⌠##....


You could see Crazy Yiuf.

Vanquished Creatures
  Natasha (thrice) (D:2)
  Jessica (D:2)
  3 gnolls (D:2)
  2 adders (D:2)
  An ooze (D:1)
  2 dart slugs (D:1)
  A leopard gecko (D:2)
  A ball python (D:2)
  3 bats
  7 goblins
  4 hobgoblins
  4 frilled lizards (D:1)
  5 kobolds
  A rat (D:1)
38 creatures vanquished.

Notes
Turn   | Place    | Note
-------+----------+-------------------------------------------
     0 | D:1      | Mame the Hill Orc Fighter began the quest for the Orb.
     0 | D:1      | Reached XP level 1. HP: 19/19 MP: 1/1
   144 | D:1      | Reached skill level 3 in Axes
   144 | D:1      | Reached XP level 2. HP: 27/27 MP: 2/2
   342 | D:1      | Reached skill level 4 in Axes
   367 | D:1      | Reached XP level 3. HP: 31/33 MP: 3/3
   602 | D:2      | Noticed Jessica
   608 | D:2      | Killed Jessica
   608 | D:2      | Reached skill level 5 in Axes
   608 | D:2      | Reached XP level 4. HP: 29/40 MP: 4/4
   674 | D:2      | Reached skill level 6 in Axes
  1011 | D:2      | Noticed Natasha
  1015 | D:2      | Killed Natasha
  1015 | D:2      | Reached XP level 5. HP: 30/46 MP: 5/5
  1019 | D:2      | Noticed Natasha
  1035 | D:2      | Killed Natasha
  1035 | D:2      | Reached skill level 7 in Axes
  1313 | D:2      | Noticed Natasha
  1334 | D:2      | Killed Natasha
  1624 | D:2      | Found a sparkling altar of Nemelex Xobeh.
  1672 | D:2      | Found a runed translucent door.
  1673 | D:2      | Noticed Crazy Yiuf
  1930 | D:2      | Slain by Crazy Yiuf

Levels and vault maps discovered:
D:1:      mrwooster_arrival_statue, layout_basic, minmay_tromino_v4_c
D:2:      layout_rooms, nemelex_xobeh_ov_fountains_minmay, chequers_garden,
          st_stairs_11, uniq_crazy_yiuf_cottage, uniq_natasha, uniq_jessica

Skill      XL: |  1  2  3  4  5 |
---------------+----------------+-----
Axes           | 3 4 5 6 7 |  7.3
Fighting       | |  3.8
Armour         | |  3.4
Shields        | |  3.3

Action                   |  1- 3 |  4- 6 || total
-------------------------+-------+-------++-------
Melee: War axe           |    87 |    77 ||   164
  Use: Potion            |       |     2 ||     2
  Eat: Ration            |       |     1 ||     1
       Chunk             |       |     1 ||     1
Armor: Scale mail        |    42 |    15 ||    57
Dodge: Dodged            |    58 |    37 ||    95

Table legend:
 A = Non-vault XP
 B = Vault XP
 C = Vault XP percentage of total XP
 D = Non-vault monster count
 E = Vault monster count
 F = Vault count percentage of total count
                 A         B        C        D         E       F
            +---------+---------+-------+---------+---------+-------
      Total |     178 |      92 |  34.1 |      33 |       5 |  13.2
            +---------+---------+-------+---------+---------+-------
        D:1 |      44 |       2 |   4.3 |      22 |       1 |   4.3
        D:2 |     134 |      90 |  40.2 |      11 |       4 |  26.7
            +---------+---------+-------+---------+---------+-------
